 Dungeon Crawl Stone Soup version 0.26-a0-466-g989023bd0d (webtiles) character file.

Game seed: 13345400212667532904

4321 Apogee the Thaumaturge (level 10, 0/50 HPs)
             Began as a Deep Elf Conjurer on Aug 14, 2020.
             Was a Believer of Sif Muna.
             Slain by a killer bee (7 damage)
             ... on level 8 of the Dungeon.
             The game lasted 00:20:02 (9061 turns).

Apogee the Thaumaturge (Deep Elf Conjurer)          Turns: 9061, Time: 00:20:02

Health: 0/50       AC:  5    Str:  4    XL:     10   Next: 11%
Magic:  1/28       EV: 13    Int: 27    God:    Sif Muna [**....]
Gold:   341        SH:  0    Dex: 13    Spells: 11/33 levels left

rFire    . . .     SeeInvis .   w - +5 club
rCold    . . .     Faith    .   (no shield)
rNeg     . . .     Spirit   .   a - +0 robe
rPois    .         Reflect  .   u - +1 helmet
rElec    .         Harm     .   (no cloak)
rCorr    .                      k - +0 pair of gloves
MR       +....                  (no boots)
Stlth    ++........             (no amulet)
HPRegen  0.16/turn              (no ring)
MPRegen  0.21/turn              (no ring)

@: about to teleport, very slightly contaminated
A: no striking features
a: Channel Magic, Renounce Religion


You were on level 8 of the Dungeon.
You worshipped Sif Muna.
Sif Muna was pleased with you.
You visited 1 branch of the dungeon, and saw 8 of its levels.

You collected 341 gold pieces.

Inventory:

Hand Weapons
 d - a +0 whip
   (You found it on level 1 of the Dungeon)
 h - a +0 spear
   (You found it on level 1 of the Dungeon)
 q - a +1 scythe of flaming
   (You took it off Sigmund on level 2 of the Dungeon)
 w - a +5 club (weapon)
   (You took it off Robin on level 2 of the Dungeon)
Armour
 a - a +0 robe (worn)
 k - a +0 pair of gloves (worn)
   (You found it on level 2 of the Dungeon)
 u - a +1 helmet (worn)
   (You took it off Robin on level 2 of the Dungeon)
 F - a +0 buckler
   (You found it on level 5 of the Dungeon)
Jewellery
 j - an uncursed amulet of faith {unknown}
   (You found it on level 2 of the Dungeon)
 m - an uncursed amulet of guardian spirit {unknown}
   (You found it on level 2 of the Dungeon)
 D - an uncursed ring of stealth {unknown}
   (You found it on level 4 of the Dungeon)
 I - an uncursed amulet of faith {unknown}
   (You found it on level 7 of the Dungeon)
 K - a +6 ring of strength {unknown}
   (You found it on level 8 of the Dungeon)
Wands
 t - a wand of flame (9)
   (You took it off Ijyb on level 5 of the Dungeon)
 x - a wand of acid (4)
   (You found it on level 4 of the Dungeon)
Scrolls
 b - a scroll of enchant weapon {unknown}
 c - 3 scrolls of identify {@r1}
 e - 2 scrolls of noise {unknown}
 f - 4 scrolls of remove curse {@r2}
 i - a scroll of magic mapping {unknown}
 o - 3 scrolls of teleportation {@r4}
 r - 2 scrolls of enchant armour {unknown}
 s - 3 scrolls of amnesia {unknown}
 y - 2 scrolls of fog {unknown}
 A - 3 scrolls of immolation {unknown}
 G - a scroll of summoning {unknown}
 J - a scroll of acquirement {unknown}
Potions
 g - 4 potions of curing {@q1}
 l - a potion of ambrosia {unknown}
 n - 2 potions of heal wounds {unknown}
 p - 3 potions of lignification {unknown}
 v - a potion of stabbing {unknown}
 z - a potion of resistance {unknown}
 B - 2 potions of flight {unknown}
 C - a potion of might {unknown}
 E - a potion of cancellation {unknown}
 H - a potion of brilliance {unknown}


   Skills:
 - Level 2.4 Dodging
 - Level 2.4 Stealth
 + Level 12.2 Spellcasting
 + Level 11.1 Conjurations
 - Level 3.9 Hexes
 - Level 5.0 Translocations
 + Level 1.5 Fire Magic
 - Level 2.0 Poison Magic


You had 11 spell levels left.
You knew the following spells:

 Your Spells              Type           Power        Failure   Level
a - Magic Dart            Conj           ####         1%          1
b - Dazzling Flash        Conj/Hex       ######       1%          3
c - Slow                  Hex            #####...     1%          2
d - Ignite Poison         Fire/Tmut/Pois ###.....     6%          3
f - Mephitic Cloud        Conj/Pois/Air  #####...     1%          3
s - Searing Ray           Conj           ######       1%          2
x - Iskenderun's Mystic   Conj/Tloc      ######..     1%          4
z - Fulminant Prism       Conj/Hex       ######....   1%          4

Your spell library contained the following spells:

 Spells                   Type           Power        Failure   Level
 Corona                   Hex            #####..      1%          1
 Conjure Flame            Conj/Fire      ######..     1%          3
 Portal Projectile        Hex/Tloc       #####.       1%          3
 Sting                    Tmut/Pois      ###.         2%          1
 Freeze                   Ice            ###.         3%          1
 Summon Small Mammal      Summ           ###.         3%          1
 Poisonous Vapours        Pois/Air       ###...       3%          2
 Inner Flame              Hex/Fire       ####....     3%          3
 Hailstorm                Conj/Ice       #####...     3%          4
 Summon Guardian Golem    Hex/Summ       ####....     4%          3
 Call Imp                 Summ           ###.....     5%          2
 Cause Fear               Hex            #####.....   7%          4
 Call Canine Familiar     Summ           ###.....     11%         3
 Frozen Ramparts          Ice            ###...       11%         3
 Ozocubu's Armour         Ice            ###.....     11%         3
 Leda's Liquefaction      Hex/Erth       ####......   16%         4
 Olgreb's Toxic Radiance  Pois           ####....     16%         4
 Summon Ice Beast         Ice/Summ       ###.....     34%         4
 Summon Lightning Spire   Summ/Air       ###.....     34%         4
 Freezing Cloud           Conj/Ice/Air   #####.....   75%         6


Dungeon Overview and Level Annotations

Branches:
Dungeon (8/15)             Temple (0/1) D:4
   Lair: D:8-11

Altars:
Fedhas
Gozag
Kikubaaqudgha
Nemelex Xobeh
Sif Muna

Shops:
D:5 (

Annotations:
D:7 1 runed translucent door, Apogee's ghost, novice GrFi


Message History

The mystic blast hits the ufetubus!!
You kill the ufetubus!
Sif Muna accepts your kill. The killer bee stings you.
You are poisoned.
The killer bee poisons you! The killer bee stings you!
You erupt in a blast of force!
The mystic blast misses the killer bee.
You feel sick.
The killer bee stings you but does no damage.
The killer bee stings you.
You miscast Iskenderun's Mystic Blast.
You are very lightly contaminated with residual magic.
Nothing appears to happen.
You feel sick. The killer bee stings you.
You are more poisoned.
The killer bee poisons you! The killer bee barely misses you.
The killer bee closely misses you.
You erupt in a blast of force!
The mystic blast misses the killer bee.
The mystic blast hits the killer bee.
The killer bee is knocked back by the mystic blast.
You feel sick. The killer bee stings you. The killer bee closely misses you.
You don't have enough magic to cast that spell.
Okay, then.
You don't have enough magic to cast that spell.
You feel sick. The killer bee misses you.
Okay, then.
You feel sick.
The killer bee stings you but does no damage.
You feel sick. The killer bee closely misses you.
The killer bee is dazzled. x2; You feel sick.
The killer bee closely misses you.
The killer bee stings you but does no damage.
The killer bee misses you. The killer bee stings you!
* * * LOW HITPOINT WARNING * * *
You miss the killer bee.
You feel sick.
The killer bee stings you but does no damage.
The killer bee stings you.
* * * LOW HITPOINT WARNING * * *
The killer bee misses you. The killer bee barely misses you.
The killer bee misses you. The killer bee barely misses you.
You miss the killer bee.
* * * LOW HITPOINT WARNING * * *
You feel sick. The killer bee barely misses you. The killer bee stings you!
* * * LOW HITPOINT WARNING * * *
The killer bee closely misses you.
You feel better. The killer bee closely misses you.
The killer bee barely misses you. x2; The killer bee stings you.
* * * LOW HITPOINT WARNING * * *
As you read the scroll of teleportation {@r4}, it crumbles to dust.
You feel strangely unstable.
The killer bee is no longer blind.
The killer bee barely misses you. The killer bee stings you!
You die...

.....#+# #.#>....#...
####...............###.......#...
# #...............+.........#...
####...............####......##+#
......####.........# #......##
.##...# #.........# ##......# .#
..# #.........#####......# .#
#.....y...#......<...# .#
####.....y@.)#...##.....# .#
........####......#.....#
.......†# #......#.....#
........# #......#.....#
........# #......#.....#
........# #......#######
.....†..# #......# ........#
#......# ........# #......#


You could see 2 killer bees.

Vanquished Creatures
  2 two-headed ogres (D:8)
  Joseph (D:7)
  Grinder (D:4)
  Sigmund (D:2)
  A sky beast (D:8)
  An ice beast (D:7)
  A phantom (D:8)
  2 centaurs (D:5)
  3 ogres
  2 bullfrogs
  A gnoll sergeant (D:6)
  2 water moccasin zombies (D:8)
  2 scorpions (D:5)
  3 killer bees (D:8)
  5 wights (D:6)
  3 howler monkeys (D:6)
  A bullfrog zombie (D:6)
  2 orc priests (D:7)
  A centaur zombie (D:7)
  3 hounds
  4 orc wizards
  Ijyb (D:5)
  6 worker ants
  A killer bee zombie (D:6)
  A hound skeleton (D:7)
  Robin (D:2)
  5 gnolls (D:6)
  A river rat (D:3)
  8 adders
  A shadow imp (D:5)
  4 ufetubi
  4 oozes
  A dart slug (D:1)
  6 leopard geckos
  42 orcs
  10 bats
  5 giant cockroaches
  10 goblins
  8 hobgoblins
  4 jackals
  10 kobolds
  A quokka (D:7)
  2 ball pythons
  8 frilled lizards
  A jackal skeleton (D:4)
  A jackal zombie (D:7)
  A leopard gecko skeleton (D:6)
  3 rats
188 creatures vanquished.

Vanquished Creatures (others)
  A centaur (D:7)
  5 fulminant prisms
6 creatures vanquished.

Grand Total: 194 creatures vanquished

Notes
Turn   | Place    | Note
-------+----------+-------------------------------------------
     0 | D:1      | Apogee the Deep Elf Conjurer began the quest for the Orb.
     0 | D:1      | Reached XP level 1. HP: 10/10 MP: 6/6
   234 | D:1      | Reached XP level 2. HP: 15/15 MP: 5/8
   996 | D:2      | Reached skill level 4 in Spellcasting
  1042 | D:2      | Found an opulent altar of Gozag.
  1124 | D:2      | Reached skill level 5 in Conjurations
  1124 | D:2      | Reached XP level 3. HP: 19/19 MP: 7/10
  1358 | D:2      | Learned a level 2 spell: Searing Ray
  1362 | D:2      | Learned a level 3 spell: Dazzling Flash
  1518 | D:2      | Reached skill level 1 in Hexes
  1542 | D:2      | Noticed Sigmund
  1549 | D:2      | Killed Sigmund
  1549 | D:2      | Reached skill level 5 in Spellcasting
  1549 | D:2      | Reached XP level 4. HP: 24/24 MP: 3/13
  1549 | D:2      | Reached XP level 5. HP: 28/28 MP: 3/15
  2142 | D:2      | Noticed Robin
  2149 | D:2      | Killed Robin
  2347 | D:3      | Reached XP level 6. HP: 32/32 MP: 9/16
  2355 | D:3      | Found a glowing drain.
  2622 | D:3      | Found an ancient bone altar of Kikubaaqudgha.
  2622 | D:3      | Found a sparkling altar of Nemelex Xobeh.
  2622 | D:3      | Found a shimmering blue altar of Sif Muna.
  2698 | D:3      | Became a worshipper of Sif Muna the Loreminder
  3091 | D:3      | Reached skill level 6 in Spellcasting
  3427 | D:4      | Noticed Grinder
  3455 | D:4      | Killed Grinder
  3455 | D:4      | Reached XP level 7. HP: 21/36 MP: 8/19
  3728 | D:4      | Learned a level 4 spell: Iskenderun's Mystic Blast
  3733 | D:4      | Learned a level 4 spell: Fulminant Prism
  3952 | D:4      | Found an opulent altar of Gozag.
  4140 | D:4      | Found a staircase to the Ecumenical Temple.
  4336 | D:5      | Entered Level 5 of the Dungeon
  4373 | D:5      | Found Ylait's Antique Weapon Emporium.
  4383 | D:5      | Reached skill level 7 in Spellcasting
  4428 | D:5      | Reached skill level 1 in Translocations
  4924 | D:5      | Reached * piety under Sif Muna
  5073 | D:5      | Noticed Ijyb
  5078 | D:5      | Killed Ijyb
  5482 | D:6      | Reached skill level 8 in Spellcasting
  5682 | D:6      | Reached XP level 8. HP: 41/41 MP: 14/22
  6051 | D:6      | Reached skill level 9 in Spellcasting
  6450 | D:6      | Reached ** piety under Sif Muna
  6450 | D:6      | Reached skill level 5 in Translocations
  6885 | D:7      | Learned a level 2 spell: Slow
  7063 | D:7      | Found a blossoming altar of Fedhas.
  7085 | D:7      | Reached XP level 9. HP: 45/45 MP: 15/24
  7165 | D:7      | Noticed Joseph
  7178 | D:7      | HP: 1/45 [Joseph/sling bullet (12)]
  7179 | D:7      | Killed Joseph
  7179 | D:7      | Reached skill level 10 in Spellcasting
  8058 | D:7      | Found a runed translucent door.
  8059 | D:7      | Noticed Apogee's ghost (novice GrFi)
  8465 | D:8      | Noticed a two-headed ogre
  8473 | D:8      | Killed a two-headed ogre
  8473 | D:8      | Reached skill level 11 in Spellcasting
  8473 | D:8      | Reached skill level 10 in Conjurations
  8570 | D:8      | Learned a level 3 spell: Mephitic Cloud
  8574 | D:8      | Learned a level 3 spell: Ignite Poison
  8761 | D:8      | Reached skill level 1 in Poison Magic
  8803 | D:8      | Noticed a two-headed ogre
  8811 | D:8      | Killed a two-headed ogre
  8811 | D:8      | Reached skill level 12 in Spellcasting
  8811 | D:8      | Reached XP level 10. HP: 50/50 MP: 12/28
  9008 | D:8      | Reached skill level 1 in Fire Magic
  9059 | D:8      | HP: 1/50 [killer bee (7)]
  9061 | D:8      | Slain by a killer bee

Illustrated notes

Levels and vault maps discovered:
D:1:      elethiomel_arrival_shortcut, layout_loops_cross, minmay_pentomino_o4
D:2:      layout_basic, nicolae_gozag_seed_capital, uniq_sigmund, uniq_robin
D:3:      layout_loops_ring, chequers_temple_overflow_statue_of_worship,
          cheibrodos_sewer_entry_sluice, serial_bayou_pond_b
D:4:      layout_basic, kennysheep_mini, minmay_temple_entry_glassed_door,
          uniq_grinder
D:5:      layout_loops_ring, serial_shops, nicolae_shop_crystal,
          minmay_crystal_water, uniq_ijyb
D:6:      layout_basic, amethyst_killhole, minmay_misc_feat_roman
D:7:      layout_loops_ring, lemuel_crystal_altar,
          ebering_ghost_reflecting_pool, uniq_joseph
D:8:      layout_basic

Skill      XL: |  1  2  3  4  5  6  7  8  9 10 |
---------------+-------------------------------+-----
Spellcasting   | 4 5 6 8 9 12 | 12.2
Conjurations   | 5 6 7 9 10 11 | 11.1
Hexes          | 3 |  3.9
Translocations | 3 5 |  5.0
Poison Magic   | 2 |  2.0
Fire Magic     | 1 |  1.5
Dodging        | |  2.4
Stealth        | |  2.4

Action                   |  1- 3 |  4- 6 |  7- 9 | 10-12 || total
-------------------------+-------+-------+-------+-------++-------
Melee: Scythe            |       |     2 |       |       ||     2
       Club              |       |    18 |    82 |     2 ||   102
 Cast: Magic Dart        |    69 |   106 |   124 |     6 ||   305
       Searing Ray       |     2 |     1 |    38 |     5 ||    46
       Fulminant Prism   |       |       |     5 |       ||     5
       Iskenderun's Myst |       |       |     9 |     5 ||    14
       Dazzling Flash    |       |       |     3 |     1 ||     4
       Slow              |       |       |     1 |       ||     1
       Mephitic Cloud    |       |       |       |     1 ||     1
       Ignite Poison     |       |       |       |     1 ||     1
Evoke: Wand              |       |       |     2 |       ||     2
  Use: Scroll            |       |       |     4 |     1 ||     5
       Potion            |       |       |     2 |     1 ||     3
 Stab: Sleeping          |       |     1 |     1 |       ||     2
Armor: Robe              |     3 |     8 |    25 |     5 ||    41
Dodge: Dodged            |     6 |    18 |    91 |    18 ||   133

Table legend: (Time is in decaauts)
 A = Elapsed time spent in this place.
 B = Non-inter-level travel time spent in this place.
 C = Inter-level travel time spent in this place.
 D = Time resting spent in this place.
 E = Time spent auto-exploring this place.
 F = Levels seen in this place.
 G = Mean time per level.
                   A        B        C        D        E       F      G
               +--------+--------+--------+--------+--------+-----+--------+
         Total |   9077 |   8877 |    200 |    847 |   6904 |   8 | 1134.6 |
       Dungeon |   9077 |   8877 |    200 |    847 |   6904 |   8 | 1134.6 |
               +--------+--------+--------+--------+--------+-----+--------+

Top non-repeatable levels by time:
     D:7: 1658 daAuts
     D:2: 1327 daAuts
     D:6: 1235 daAuts
     D:3: 1094 daAuts
     D:5: 1075 daAuts
     D:1: 993 daAuts
     D:4: 929 daAuts
     D:8: 761 daAuts
